 Dungeon Crawl Stone Soup version 0.27-a0-871-g6d840cc (webtiles) character file.

Game seed: 5364876188198416065

278 Nithhogg the Slasher (level 6, -6/50 HPs)
             Began as a Barachi Fighter on Apr 2, 2021.
             Mangled by an orc priest
             ... wielding a +1 hand axe of distortion
              (12 damage)
             ... on level 4 of the Dungeon.
             The game lasted 00:04:49 (4348 turns).

Nithhogg the Slasher (Barachi Fighter)              Turns: 4348, Time: 00:04:50

Health: -6/50      AC:  8    Str: 19    XL:     6   Next: 26%
Magic:  6/6        EV: 10    Int:  8    God:
Gold:   159        SH:  0    Dex: 12    Spells: 5/5 levels left

rFire    . . .     SeeInvis .   a - +0 long sword (freeze)
rCold    . . .     Faith    +   (no shield)
rNeg     . . .     Spirit   .   b - +1 scale mail
rPois    .         Reflect  .   (no helmet)
rElec    .         Harm     .   l - scarf {+Inv}
rCorr    .         Rampage  .   (no gloves)
Will     .....                  (no boots)
Stlth    ..........             k - amulet of faith
HPRegen  0.16/turn              (no ring)
MPRegen  0.10/turn              (no ring)

@: slow
A: +LOS, amphibious, slowness 1, strong legs 1
a: Hop, Evoke Invisibility


You were on level 4 of the Dungeon.
You visited 1 branch of the dungeon, and saw 4 of its levels.

You collected 159 gold pieces.

Inventory:

Hand Weapons
 a - a +0 long sword of freezing (weapon)
Armour
 b - a +1 scale mail (worn)
 c - a +0 kite shield
 l - a scarf of invisibility (worn)
Jewellery
 k - an amulet of faith (around neck)
Scrolls
 d - a scroll of fog {unknown}
 f - 3 scrolls of identify
 i - 2 scrolls of vulnerability
 m - 2 scrolls of magic mapping
Potions
 e - a potion of degeneration {unknown}
 g - a potion of flight {unknown}
 h - a potion of brilliance {unknown}
 j - a potion of attraction {unknown}


   Skills:
 + Level 4.8 Fighting
 * Level 5.1 Long Blades
 + Level 4.9 Armour
 + Level 2.7 Dodging
 - Level 3.2 Shields


You had 5 spell levels left.
You didn't know any spells.
Your spell library was empty.

Dungeon Overview and Level Annotations

Branches:
Dungeon (4/15)
 Temple: D:4-7

Altars:
Hepliaklqana
Uskayaw
Vehumet
Xom
Yredelemnul


Innate Abilities, Weirdness & Mutations

You can be seen from farther away. (+LOS)
You are amphibious.
You cover ground slowly.
You can hop short distances.


Message History

You slash the hobgoblin! You freeze the hobgoblin.
You kill the hobgoblin!
The orc wizard points at you and mumbles some strange words.
You are confused.
An orc priest comes into view. It is wielding a +0 flail.
You hear a shout!
You are too confused!
You are too confused!
You bump into the rock wall.
You bump into the rock wall.
The orc priest barely misses you.
The ogre shouts!
You bump into the rock wall.
The orc priest hits you with a +1 hand axe of distortion.
Space bends around you. The orc hits you with a +0 mace.
You bump into the rock wall.
You feel less confused.
The orc priest hits you with a +1 hand axe of distortion.
Space bends around you. The orc hits you with a +0 mace.
Unknown command.
As you read the scroll labelled QAYTHOPAQY, it crumbles to dust.
You feel aware of your surroundings.
It was a scroll of magic mapping.
The orc priest misses you. The orc hits you with a +0 mace.
As you read the scroll labelled PICLUA POOVISCH, it crumbles to dust.
It is a scroll of amnesia.
You feel forgetful for a moment.
The orc priest miscasts a cantrip.
As you read the scroll labelled YHOID POPEOVI, it crumbles to dust.
Your body is wracked with pain!
* * * LOW HITPOINT WARNING * * *
The orc wizard convulses!
The ogre convulses!
The orc priest convulses! x2
The orc convulses!
It was a scroll of torment.
The orc priest barely misses you.
As you read the scroll labelled OGOCEE GEELAA, it crumbles to dust.
It is a scroll of enchant armour.
Your +0 scale mail glows green for a moment.
The orc wizard hits you but does no damage.
The orc priest hits you with a +1 hand axe of distortion.
* * * LOW HITPOINT WARNING * * *
Space warps horribly around you!
You die...

*,*,****,,,*,,,,,,,,**#####.##...
*,*,* *,,,,,**********##*#,#....
*,*,****,*,*** *,,,,.....#.##.
*,*,,,**,*,* *,,,,..........
,,,,*,**,*,* *,,,,.....#.###
*,*,,,,,,*,###** *****####.#.#..
,,,,***,,,,#...* #,#.#.#
*,*****,...#..o#### *,*,#..
*,,,,,,,.....oOo@.#########,*,###
*******,...#..K#o.........#,*,# #
* *,,,,#..,#..........#,*.### *
***,,,,#.,,#..........#.#....
*****,,,,,,#,,,#.................
**,,*,******,,,#.........###'####
**,,*,* *,,,#........#8...#..8
**,,*,* ****#........#...#....
**,,*,* ####.....#....#...


You could see an ogre, 2 orc priests, an orc wizard, an orc and a kobold.

Vanquished Creatures
  A bullfrog skeleton (D:4)
  Natasha (thrice) (D:3)
  2 hound skeletons
  4 adders
  3 gnolls (D:3)
  A worm (D:2)
  3 dart slugs
  8 orcs
  3 ball pythons
  4 bats
  7 endoplasms
  2 giant cockroaches (D:1)
  5 goblins
  2 hobgoblins (D:4)
  7 jackals
  4 kobolds
  3 quokkas
  4 frilled lizards
  4 rats
70 creatures vanquished.

Vanquished Creatures (others)
  3 plants (D:3)
3 creatures vanquished.

Grand Total: 73 creatures vanquished

Notes
Turn   | Place    | Note
-------+----------+-------------------------------------------
     0 | D:1      | Nithhogg the Barachi Fighter began the quest for the Orb.
     0 | D:1      | Reached XP level 1. HP: 18/18 MP: 1/1
   350 | D:1      | Reached XP level 2. HP: 25/25 MP: 2/2
   699 | D:1      | Reached skill level 3 in Long Blades
   910 | D:1      | Reached skill level 1 in Dodging
  1237 | D:2      | Reached XP level 3. HP: 8/30 MP: 3/3
  1616 | D:2      | Found a faded altar of an unknown god.
  2442 | D:3      | Noticed Natasha
  2448 | D:3      | Killed Natasha
  2449 | D:3      | Reached XP level 4. HP: 29/37 MP: 4/4
  2684 | D:3      | Reached skill level 4 in Long Blades
  2790 | D:3      | Found a radiant altar of Vehumet.
  2811 | D:3      | Noticed Natasha
  2817 | D:3      | Killed Natasha
  2818 | D:3      | Reached XP level 5. HP: 31/43 MP: 5/5
  2904 | D:3      | Found a hide-covered altar of Uskayaw.
  2904 | D:3      | Found a hazy altar of Hepliaklqana.
  2904 | D:3      | Found a shimmering altar of Xom.
  2904 | D:3      | Found a basalt altar of Yredelemnul.
  3003 | D:3      | Noticed Natasha
  3014 | D:3      | Killed Natasha
  3834 | D:4      | Reached XP level 6. HP: 41/49 MP: 6/6
  4161 | D:4      | Reached skill level 5 in Long Blades
  4348 | D:4      | Mangled by an orc priest

Illustrated notes

Levels and vault maps discovered:
D:1:      amcnicky_arrival_blooded_trapdoor, layout_loops_corners
D:2:      layout_basic, basic_ecumenical_altar, chequers_serial_rivers_marsh
D:3:      layout_loops_ring, grunt_temple_overflow_cloverleaf,
          nicolae_vehumet_altar_sigil, chequers_serial_rivers_micro_c,
          corexii_shack, uniq_natasha
D:4:      layout_basic, ebering_ghost_sewer_d, minivault_1, grunt_tough_drop

Skill      XL: |  1  2  3  4  5  6 |
---------------+-------------------+-----
Long Blades    | 3 4 5 |  5.1
Dodging        | 1 2 |  2.7
Fighting       | 4 |  4.8
Armour         | 4 |  4.9
Shields        | |  3.2

Action                   |  1- 3 |  4- 6 || total
-------------------------+-------+-------++-------
Melee: Long sword        |   102 |   117 ||   219
  Use: Potion            |     1 |       ||     1
       Scroll            |     2 |     4 ||     6
Armor: Scale mail        |    53 |    57 ||   110
Dodge: Dodged            |    47 |    69 ||   116
       Rpst.: Long sword |    15 |    22 ||    37

Table legend: (Time is in decaauts)
 A = Elapsed time spent in this place.
 B = Non-inter-level travel time spent in this place.
 C = Inter-level travel time spent in this place.
 D = Time resting spent in this place.
 E = Time spent auto-exploring this place.
 F = Levels seen in this place.
 G = Mean time per level.
                   A        B        C        D        E       F      G
               +--------+--------+--------+--------+--------+-----+--------+
         Total |   4919 |   4858 |     61 |    219 |   4075 |   4 | 1229.8 |
       Dungeon |   4919 |   4858 |     61 |    219 |   4075 |   4 | 1229.8 |
               +--------+--------+--------+--------+--------+-----+--------+

Top non-repeatable levels by time:
     D:2: 1540 daAuts
     D:3: 1477 daAuts
     D:1: 1274 daAuts
     D:4: 627 daAuts
